 Dungeon Sprint DCSS version 0.22-a0-353-g2d6336e (webtiles) character file.

318 Hipnos the Fighter (level 6, 0/63 HPs)
             Began as a Minotaur Fighter on Apr 15, 2018.
             Was a Believer of Jiyva.
             Slain by a demonic crawler (6 damage)
             ... in the Dungeon (Sprint I: "Red Sonja").
             The game lasted 00:01:58 (187 turns).

Hipnos the Fighter (Minotaur Fighter)                Turns: 187, Time: 00:01:59

Health: 0/63       AC:  8    Str: 23    XL:     6   Next: 21%
Magic:  5/5        EV:  8    Int:  5    God:    Jiyva [**....]
Gold:   297        SH: 11    Dex:  9    Spells: 5/5 levels left

rFire    . . .     SeeInvis .   a - +0 long sword
rCold    . . .     Gourm    .   c - +0 shield
rNeg     . . .     Faith    .   b - +0 scale mail
rPois    .         Spirit   .   (helmet restricted)
rElec    .         Reflect  .   (no cloak)
rCorr    .         Harm     .   (no gloves)
MR       .....     NoTele   +   (no boots)
Stlth    ..........             (no amulet)
HPRegen  0.20/turn              (no ring)
MPRegen  0.09/turn              (no ring)

@: no status effects
A: retaliatory headbutt, horns 2
a: Request Jelly, Renounce Religion


You were in the Dungeon.
You worshipped Jiyva.
Jiyva was pleased with you.
You were full.

You visited 1 branch You collected 297 gold pieces.

Inventory:

Hand Weapons
 a - a +0 long sword (weapon)
Armour
 b - a +0 scale mail (worn)
 c - a +0 shield (worn)
Scrolls
 k - a scroll of blinking
 l - a scroll of remove curse {unknown}
 m - a scroll of fog {unknown}
Potions
 d - a potion of might
 e - a potion of curing
 h - a potion of haste
 i - 2 potions of magic
 j - a potion of berserk rage
Comestibles
 f - a ration


   Skills:
 + Level 9.2 Fighting
 + Level 6.7 Long Blades
 + Level 9.2 Armour
 + Level 8.9 Shields


You had 5 spell levels left.
You didn't know any spells.

Dungeon Overview and Level Annotations

Branches:
Dungeon (1/1)

Altars:
Cheibriados
Dithmenos
Elyvilon
Fedhas
Gozag
Hepliaklqana
Kikubaaqudgha
Makhleb
Nemelex Xobeh
Okawaru
Qazlal
Ru
Sif Muna
Trog
Uskayaw
Vehumet
Wu Jian
Xom
Yredelemnul
Zin
The Shining One
Jiyva
Lugonu

Shops:
D !


Innate Abilities, Weirdness & Mutations

You reflexively headbutt those who attack you in melee.
You have a pair of horns on your head.


Message History

The demonic crawler hits you but does no damage.
The demonic crawler barely misses you. The demonic crawler hits you.
The demonic crawler hits you but does no damage.
The demonic crawler barely misses you.
You hear a distant slurping noise.
Jiyva appreciates your sacrifice.
You feel a little less hungry. The demonic crawler hits you.
* * * LOW HITPOINT WARNING * * *
The demonic crawler hits you but does no damage.
You block the demonic crawler's attack.
You hear a distant slurping noise.
You feel a little less hungry. The demonic crawler hits you.
* * * LOW HITPOINT WARNING * * *
The demonic crawler completely misses you.
You block the demonic crawler's attack. The demonic crawler hits you!
* * * LOW HITPOINT WARNING * * *
The demonic crawler hits you.
* * * LOW HITPOINT WARNING * * *
The demonic crawler hits you.
You die...

###################
#<.#..').#..'..#__#
#..').#..').#.....+
#..#####'#####'#__#
#..####..#...#§####§§
#..#__####..##§#≈≈§§
#..#__@__##'#_..≈≈≈
#⌠⌠#_.ss..'..._#
####_..__##_.#'#
#_____###.#.# #######
.### $ $# #


You could see 2 demonic crawlers.

Vanquished Creatures
  Sigmund (D)
  An ogre (D)
  Ijyb (D)
3 creatures vanquished.

Vanquished Creatures (others)
  A yak (D)
  3 jellies (D)
4 creatures vanquished.

Grand Total: 7 creatures vanquished

Notes
Turn   | Place    | Note
-------+----------+-------------------------------------------
     0 | D        | Hipnos the Minotaur Fighter began the quest for the Orb.
     0 | D        | Reached XP level 1. HP: 19/19 MP: 0/0
     1 | D        | Noticed Ijyb
    13 | D        | Killed Ijyb
    13 | D        | Reached skill level 5 in Fighting
    13 | D        | Reached skill level 5 in Armour
    13 | D        | Reached skill level 5 in Shields
    13 | D        | Reached XP level 2. HP: 22/29 MP: 1/1
    81 | D        | Noticed an ogre
    86 | D        | Killed an ogre
    86 | D        | Reached XP level 3. HP: 35/39 MP: 2/2
    86 | D        | Reached XP level 4. HP: 43/47 MP: 3/3
    96 | D        | Noticed Sigmund
   105 | D        | Killed Sigmund
   105 | D        | Reached XP level 5. HP: 49/56 MP: 4/4
   118 | D        | Found a burning altar of Makhleb.
   118 | D        | Found a viscous altar of Jiyva.
   118 | D        | Found a shimmering altar of Xom.
   118 | D        | Found a corrupted altar of Lugonu.
   118 | D        | Noticed a slime creature
   124 | D        | Became a worshipper of Jiyva Jeqoupna the Shapeless
   128 | D        | Found an ornate altar of the Wu Jian Council.
   128 | D        | Found a deep blue altar of Sif Muna.
   130 | D        | Found a radiant altar of Vehumet.
   155 | D        | Reached * piety under Jiyva
   158 | D        | Found Qetzum's Distillery.
   158 | D        | Found an ancient bone altar of Kikubaaqudgha.
   158 | D        | Found a hazy altar of Hepliaklqana.
   158 | D        | Found a stormy altar of Qazlal.
   158 | D        | Found a hide-covered altar of Uskayaw.
   158 | D        | Found a blossoming altar of Fedhas.
   158 | D        | Found a bloodstained altar of Trog.
   158 | D        | Found an iron altar of Okawaru.
   158 | D        | Found a basalt altar of Yredelemnul.
   158 | D        | Found a glowing golden altar of the Shining One.
   158 | D        | Found a snail-covered altar of Cheibriados.
   158 | D        | Found a sacrificial altar of Ru.
   158 | D        | Found a glowing silver altar of Zin.
   158 | D        | Found a shadowy altar of Dithmenos.
   158 | D        | Found a white marble altar of Elyvilon.
   158 | D        | Noticed a yak
   163 | D        | Killed a yak
   163 | D        | Reached XP level 6. HP: 11/63 MP: 5/5
   164 | D        | Found an opulent altar of Gozag.
   165 | D        | Found a sparkling altar of Nemelex Xobeh.
   168 | D        | Reached ** piety under Jiyva
   175 | D        | Noticed a demonic crawler
   177 | D        | Noticed a demonic crawler
   187 | D        | Slain by a demonic crawler

Vault maps used:
D:        dungeon_sprint_1

Skill      XL: |  1  2  3  4  5 |
---------------+----------------+-----
Fighting       | 5 7 8 9 |  9.2
Long Blades    | 3 4 6 |  6.7
Armour         | 5 7 8 9 |  9.2
Shields        | 5 6 8 |  8.9

Action                   |  1- 3 |  4- 6 || total
-------------------------+-------+-------++-------
Melee: Long sword        |    15 |    16 ||    31
       Headbutt          |     3 |     4 ||     7
  Use: Potion            |       |     1 ||     1
Armor: Scale mail        |     4 |     5 ||     9
Dodge: Dodged            |     2 |     4 ||     6
Block: Shield            |     7 |     9 ||    16
       Rpst.: Long sword |       |     1 ||     1

Table legend:
 A = Spawn XP
 B = Non-spawn XP
 C = Spawn XP percentage of total XP
 D = Spawn monster count
 E = Non-spawn monster count
 F = Spawn count percentage of total count
 G = Total turns spent on level
                    A         B        C        D         E        F      G
               +---------+---------+-------+---------+---------+-------+---------
         Total |       0 |     455 |   0.0 |       0 |       4 |   0.0 |   187
               +---------+---------+-------+---------+---------+-------+---------
             D |       0 |     455 |   0.0 |       0 |       4 |   0.0 |   187
               +---------+---------+-------+---------+---------+-------+---------
